 Dungeon Crawl Stone Soup version 0.30-a0-331-g8ab09dc110 (webtiles) character file.

Game seed: 14906180382378394828

1454 p00ps00p the Fighter (level 8, -3/86 HPs)
             Began as a Hill Orc Fighter on Oct 30, 2022.
             Killed from afar by a gargoyle (20 damage)
             ... with a stone arrow
             ... on level 7 of the Dungeon.
             The game lasted 00:09:14 (4626 turns).

p00ps00p the Fighter (Hill Orc Fighter)             Turns: 4626, Time: 00:09:15

Health: -3/86      AC: 10    Str: 19    XL:     8   Next: 76%
Magic:  8/8        EV: 10    Int:  8    God:
Gold:   202        SH:  4    Dex: 12    Spells: 7/7 levels left

rFire   . . .      SeeInvis .    a - +0 war axe (drain)
rCold   . . .      Faith    .    c - +0 buckler
rNeg    . . .      Spirit   .    x - +0 acid dragon scales
rPois   .          Reflect  .    l - +2 helmet
rElec   .          Harm     .    (no cloak)
rCorr   +          Rampage  .    (no gloves)
Will    .....                    (no boots)
Stlth   +.........               g - amulet of magic regeneration
HPRegen 0.34/turn                f - ring of resist corrosion
MPRegen 0.51/turn                (no ring)

@: mighty
A: no striking features
a: no special abilities


You were on level 7 of the Dungeon.
You visited 1 branch of the dungeon, and saw 6 of its levels.

You collected 202 gold pieces.

Inventory:

Hand Weapons
 a - a +0 war axe of draining (weapon)
 d - the +6 rapier of the People {drain, Fragile rCorr Dex+2}
   (You found it on level 6 of the Dungeon)

   A truly terrible weapon, it drains the life of any living foe it strikes.
   Dex:       It affects your dexterity (+2).
   rCorr:     It protects you from acid and corrosion.
   Fragile:   It will be destroyed if unequipped.
Missiles
 j - 4 atropa-tipped darts (quivered)
 m - 3 throwing nets
 v - 4 curare-tipped darts
Armour
 b - a +0 scale mail
 c - a +0 buckler (worn)
 l - a +2 helmet (worn)
 x - +0 acid dragon scales (worn)
Jewellery
 f - a ring of resist corrosion (left hand)
 g - an amulet of magic regeneration (around neck)
 i - an amulet of reflection
 n - a +6 ring of intelligence
Wands
 k - a wand of light (7)
 s - a wand of paralysis (4)
Scrolls
 r - a scroll of teleportation
Potions
 e - 4 potions of lignification
 h - 2 potions of heal wounds {unknown}
 o - 3 potions of curing {unknown}
 p - a potion of attraction {unknown}
 q - 3 potions of ambrosia
 t - a potion of berserk rage {unknown}
 u - a potion of haste {unknown}


   Skills:
 + Level 13.0 Fighting
 - Level 2.6 Axes
 - Level 3.2 Armour
 - Level 3.2 Shields


You had 7 spell levels left.
You didn't know any spells.
Your spell library contained the following spells:

 Spells                   Type           Power      Damage    Failure   Level
 Magic Dart               Conj           0%         1d3       58%         1
 Searing Ray              Conj           0%         2d4       75%         2
 Fulminant Prism          Conj/Hex       0%         3d5       100%        4


Dungeon Overview and Level Annotations

Branches:
Dungeon (7/15)
 Temple: D:4-7

Altars:
Dithmenos
Kikubaaqudgha
Ru
Uskayaw

Annotations:
D:3 3 runed translucent doors, Darkkill's ghost, amateur MiHu


Message History

The stone arrow hits you! The gargoyle barely misses you.
You hit the gargoyle but do no damage. You block the gargoyle's attack.
You hit the gargoyle but do no damage.
The gargoyle hits you but does no damage.
The gargoyle hits you with a +0 flail!
You closely miss the gargoyle.
The gargoyle hurls a stone arrow at you.
You block the stone arrow.
You hit the gargoyle but do no damage.
The gargoyle hurls a stone arrow at you.
The stone arrow hits you! You block the gargoyle's attack.
You hit the gargoyle but do no damage. The gargoyle misses you.
You barely miss the gargoyle. You block the gargoyle's attack.
You slash the gargoyle!
The gargoyle is moderately damaged.
The gargoyle hurls a stone arrow at you.
The stone arrow misses you. The gargoyle hits you with a +0 flail!
You hit the gargoyle.
The gargoyle is heavily damaged.
You block the gargoyle's attack.
You hit the gargoyle but do no damage.
The gargoyle is heavily damaged.
The gargoyle hits you with a +0 flail.
You hit the gargoyle but do no damage.
The gargoyle is heavily damaged.
The gargoyle hits you with a +0 flail!
The gargoyle hurls a stone arrow at you.
The stone arrow misses you.
You hit the gargoyle but do no damage.
The gargoyle is heavily damaged.
The gargoyle completely misses you.
You hit the gargoyle but do no damage.
The gargoyle is heavily damaged.
The gargoyle hits you with a +0 flail!
* * * LOW HITPOINT WARNING * * *
The gargoyle misses you.
You feel very mighty all of a sudden.
The gargoyle hurls a stone arrow at you.
The stone arrow hits you!!
You die...

.... ##.........# ...
#.####...#####..# #..
#.......## ##.## ##..
######...####..## .###.(.##
##)......... ........##
##))........
#.....##########)..........
#.........##........#####..
#..#..###.9@........## ##.
#. ##.# ##..#.......# #. #.
### #.#######..# #. .. #.#
##.# .# . #.# ..# #.# .##
#.# ..#


You could see a gargoyle.

Vanquished Creatures
  Pikel (D:6)
  Maggie (D:7)
  Prince Ribbit (D:7)
  A phantom (D:6)
  A necrophage (D:6)
  A bullfrog (D:6)
  2 jellies
  A gnoll bouda (D:7)
  2 iguanas
  An orc wizard (D:6)
  A scorpion simulacrum (D:4)
  Robin (D:2)
  4 adders
  4 gnolls
  A worm (D:4)
  8 orcs
  8 bats
  11 endoplasms
  4 giant cockroaches
  18 goblins
  8 hobgoblins
  4 jackals (D:1)
  2 quokkas
  8 ball pythons
  16 frilled lizards
  3 kobolds
  2 rats (D:2)
115 creatures vanquished.

Vanquished Creatures (others)
  2 plants (D:2)
2 creatures vanquished.

Grand Total: 117 creatures vanquished

Notes
Turn   | Place    | Note
-------+----------+-------------------------------------------
     0 | D:1      | p00ps00p the Hill Orc Fighter began the quest for the Orb.
     0 | D:1      | Reached XP level 1. HP: 19/19 MP: 1/1
    39 | D:1      | Reached skill level 4 in Fighting
   113 | D:1      | Reached XP level 2. HP: 20/27 MP: 2/2
   438 | D:1      | Reached XP level 3. HP: 22/35 MP: 3/3
   439 | D:1      | Reached skill level 5 in Fighting
   882 | D:2      | Noticed Robin
   893 | D:2      | Killed Robin
   894 | D:2      | Reached XP level 4. HP: 31/44 MP: 4/4
   965 | D:2      | Reached skill level 6 in Fighting
  1204 | D:2      | Found a sacrificial altar of Ru.
  1865 | D:3      | Noticed Darkkill's ghost (amateur MiHu)
  1865 | D:3      | Noticed a kobold brigand
  1867 | D:3      | Found a runed translucent gate.
  1867 | D:3      | Found a runed translucent gate.
  1867 | D:3      | Found a runed translucent gate.
  1906 | D:3      | Reached XP level 5. HP: 47/51 MP: 5/5
  1991 | D:3      | Found a shadowy altar of Dithmenos.
  2057 | D:3      | Reached skill level 7 in Fighting
  2414 | D:4      | Found a hide-covered altar of Uskayaw.
  2658 | D:4      | Found a runed translucent gate.
  2663 | D:4      | Found a runed translucent gate.
  2665 | D:4      | Found a runed translucent gate.
  2675 | D:4      | Found an ancient bone altar of Kikubaaqudgha.
  2694 | D:4      | Noticed an ice beast
  2696 | D:4      | Noticed an ice beast
  2710 | D:4      | You fall into a shaft and drop 2 floors!
  2877 | D:6      | Reached skill level 8 in Fighting
  2877 | D:6      | Reached XP level 6. HP: 51/61 MP: 6/6
  3067 | D:6      | Noticed Pikel
  3081 | D:6      | Killed Pikel
  3082 | D:6      | Reached skill level 10 in Fighting
  3082 | D:6      | Reached XP level 7. HP: 26/73 MP: 7/7
  3366 | D:6      | Identified the +6 rapier of the People {drain, Fragile
                  | rCorr Dex+2}
  3594 | D:6      | Reached skill level 11 in Fighting
  3808 | D:6      | Reached XP level 8. HP: 73/82 MP: 8/8
  3915 | D:7      | Noticed Prince Ribbit
  3942 | D:7      | Killed Prince Ribbit
  4082 | D:7      | Noticed Maggie
  4098 | D:7      | Killed Maggie
  4099 | D:7      | Reached skill level 12 in Fighting
  4529 | D:7      | Reached skill level 13 in Fighting
  4599 | D:7      | Noticed a gargoyle
  4626 | D:7      | Killed from afar by a gargoyle

Illustrated notes

Levels and vault maps discovered:
D:1:      dpeg_arrival_water_temple_mockup, layout_loops_ring,
          hangedman_decor_opposing, minmay_lizard_pond
D:2:      layout_loops_corners, basic_altar, guppyfry_early_lair_pool,
          uniq_robin
D:3:      layout_rooms, nicolae_dithmenos_through_a_glass_darkly,
          gammafunk_ghost_nasty_kobolds, minmay_close_crescents
D:4:      layout_cave_pods, mainiacjoe_overflow_surrounded_room,
          mainiacjoe_overflow_catwalk, gammafunk_ghost_icy
D:6:      layout_basic, minmay_misc_feat_encased, uniq_pikel
D:7:      layout_layer_cave, lemuel_doored_altar, uniq_maggie,
          uniq_prince_ribbit1

Skill      XL: |  1  2  3  4  5  6  7  8 |
---------------+-------------------------+-----
Fighting       | 4 5 6 8 10 11 13 | 13.0
Axes           | |  2.6
Armour         | |  3.2
Shields        | |  3.2

Action                   |  1- 3 |  4- 6 |  7- 9 || total
-------------------------+-------+-------+-------++-------
Melee: War axe           |   110 |   137 |    68 ||   315
Evoke: Wand              |       |       |     4 ||     4
  Use: Scroll            |     4 |     6 |     2 ||    12
       Potion            |       |       |     2 ||     2
 Stab: Paralysed         |       |       |     6 ||     6
Armor: Scale mail        |    62 |   124 |    21 ||   207
       Acid dragon scale |       |       |     8 ||     8
Dodge: Dodged            |    88 |    99 |    23 ||   210
Block: Buckler           |    33 |    47 |    15 ||    95

Table legend: (Time is in decaauts)
 A = Elapsed time spent in this place.
 B = Non-inter-level travel time spent in this place.
 C = Inter-level travel time spent in this place.
 D = Time resting spent in this place.
 E = Time spent auto-exploring this place.
 F = Levels seen in this place.
 G = Mean time per level.
                   A        B        C        D        E       F      G
               +--------+--------+--------+--------+--------+-----+--------+
         Total |   4755 |   4676 |     79 |    793 |   2817 |   6 |  792.5 |
       Dungeon |   4755 |   4676 |     79 |    793 |   2817 |   6 |  792.5 |
               +--------+--------+--------+--------+--------+-----+--------+

Top non-repeatable levels by time:
     D:6: 1212 daAuts
     D:2: 879 daAuts
     D:1: 849 daAuts
     D:7: 741 daAuts
     D:3: 678 daAuts
     D:4: 395 daAuts
